[Event "FIDE WCCC Open-08 2024"]
[Site "Montesilvano"]
[Date "2024.11.18"]
[Round "4.25"]
[White "Rajabov, Abdurahmon"]
[Black "Le Doan, Minh Thuc"]
[Result "1-0"]
[ECO "B12"]
[WhiteElo "1515"]
[BlackElo "1677"]
[Annotator "NA RC"]
[PlyCount "69"]
[EventDate "2024.11.18"]
[EventType "swiss"]
[EventCountry "ITA"]
[SourceTitle "playchess.com"]
[Source "ChessBase"]
[SourceQuality "1"]
[TimeControl "5400+30"]

1. e4 c6 2. d4 d5 3. e5 Bf5 4. h4 h5 5. Bd3 Bxd3 6. Qxd3 e6 7. Nf3 Be7 8. Ng5 Nh6 9. Nd2 Bxg5 10. hxg5 Qxg5 11. Nf3 Qe7 12. Rxh5 Nd7 13. Bg5 Qb4+ 14. Qc3 Qxc3+ 15. bxc3 f6 16. Bxh6 Rxh6 17. Rxh6 gxh6 18. Kd2 fxe5 19. Nxe5 Nxe5 20. dxe5 Kf7 21. Ke3 Kg6 22. Rh1 Rf8 23. f4 c5 24. g4 Rc8 25. Rh2 Rc6 26. Rf2 h5 27. f5+ Kg5 28. f6 Rc8 29. gxh5 Kxh5 30. Rg2 b5 31. Rg7 d4+ 32. cxd4 cxd4+ 33. Kxd4 Rc4+ 34. Kd3 Rc5 35. f7 1-0

[Event "FIDE WCCC Open-08 2024"]
[Site "Montesilvano"]
[Date "2024.11.18"]
[Round "4.27"]
[White "Pera, Mikolaj"]
[Black "Bisetto, Alessandro Federico"]
[Result "1/2-1/2"]
[ECO "C55"]
[WhiteElo "1446"]
[BlackElo "1671"]
[Annotator "NA RC"]
[PlyCount "108"]
[EventDate "2024.11.18"]
[EventType "swiss"]
[EventCountry "ITA"]
[SourceTitle "playchess.com"]
[Source "ChessBase"]
[SourceQuality "1"]
[TimeControl "5400+30"]

1. e4 e5 2. Nf3 Nc6 3. Bc4 Nf6 4. d3 d6 5. h3 h6 6. Nc3 Be7 7. O-O O-O 8. Be3 Be6 9. Bb3 d5 10. exd5 Nxd5 11. Nxd5 Bxd5 12. Qe2 Bxb3 13. axb3 Nd4 14. Nxd4 exd4 15. Bxd4 Qxd4 16. Qxe7 Qxb2 17. Qxc7 Rac8 18. Qxb7 Qxc2 19. Qxa7 Ra8 20. Qe3 Rxa1 21. Rxa1 Qxb3 22. d4 Rb8 23. Qxb3 Rb7 24. Qb4 Rxb4 25. Rb1 Rb3 26. Rd1 f6 27. f3 Kf7 28. Kf2 Ke6 29. Rd2 g5 30. Re2+ Kf5 31. g4+ Kg6 32. Rd2 Kf7 33. Re2 Kg6 34. Re3 Rb2+ 35. Re2 Rb5 36. Kg3 Rd5 37. Rd2 f5 38. f4 Rb5 39. Rd3 Rd5 40. fxg5 hxg5 41. gxf5+ Kxf5 42. Kf3 Rd8 43. d5 Rd6 44. Ke3 Ke5 45. Kf3 Rxd5 46. Rxd5+ Kxd5 47. Kg4 Ke6 48. Kxg5 Kf7 49. Kh6 Kg8 50. h4 Kh8 51. Kg6 Kg8 52. h5 Kh8 53. h6 Kg8 54. h7+ Kh8 1/2-1/2

[Event "FIDE WCCC Open-08 2024"]
[Site "Montesilvano"]
[Date "2024.11.18"]
[Round "4.28"]
[White "Melkonyan, Mark"]
[Black "Zhu, Daniel"]
[Result "0-1"]
[ECO "B23"]
[WhiteElo "1445"]
[BlackElo "2050"]
[Annotator "RC"]
[PlyCount "78"]
[EventDate "2024.11.18"]
[EventType "swiss"]
[EventCountry "ITA"]
[SourceTitle "playchess.com"]
[Source "ChessBase"]
[SourceQuality "1"]
[TimeControl "5400+30"]

1. e4 c5 2. Nc3 Nc6 3. f4 g6 4. Nf3 Bg7 5. Bc4 e6 6. d3 Nge7 7. O-O O-O 8. Qe1 d5 9. Bb3 Na5 10. Qh4 a6 11. a3 Nxb3 12. cxb3 Nc6 13. Qxd8 Rxd8 14. exd5 exd5 15. Na4 Bg4 16. Nxc5 Bxf3 17. Rxf3 Nd4 18. Rf1 Nc2 19. Be3 Nxe3 20. Nxb7 Rdb8 21. Rf3 Rxb7 22. Rxe3 Bd4 23. Rae1 Re7 24. Kf2 Rxe3 25. Rxe3 Re8 26. Ke2 Bxe3 27. Kf3 d4 28. b4 Bc1 29. a4 Bxb2 30. b5 axb5 31. axb5 Re3+ 32. Kg4 f5+ 33. Kh4 Rxd3 34. b6 Rb3 35. b7 d3 36. b8=Q+ Rxb8 37. h3 Rb3 38. Kg5 Kg7 39. g4 Bf6# 0-1

[Event "FIDE WCCC Open-08 2024"]
[Site "Montesilvano"]
[Date "2024.11.18"]
[Round "4.29"]
[White "Schimming, Wilhelm"]
[Black "Lan, Kai Zhou"]
[Result "0-1"]
[ECO "E62"]
[WhiteElo "1628"]
[BlackElo "1784"]
[Annotator "NA RC"]
[PlyCount "130"]
[EventDate "2024.11.18"]
[EventType "swiss"]
[EventCountry "ITA"]
[SourceTitle "playchess.com"]
[Source "ChessBase"]
[SourceQuality "1"]
[TimeControl "5400+30"]

1. c4 Nf6 2. g3 g6 3. Bg2 Bg7 4. Nc3 O-O 5. d4 d6 6. Nf3 Nc6 7. O-O e5 8. h3 Nd7 9. e3 f5 10. h4 a5 11. Ng5 exd4 12. Ne6 Qe7 13. Nxf8 dxc3 14. Nxd7 cxb2 15. Bxb2 Bxb2 16. Rb1 Bg7 17. Bxc6 bxc6 18. Rb8 Rxb8 19. Nxb8 Qe4 20. c5 Bf8 21. Qb1 Qe8 22. cxd6 Bxd6 23. Rc1 c5 24. Qb3+ Be6 25. Qb2 Bd5 26. Qb1 Bxg3 27. Qd3 Bxa2 28. Nd7 Bxh4 29. Rxc5 Be6 30. Rxc7 a4 31. Qd4 Qd8 32. Rb7 Qa5 33. Rb8+ Kf7 34. Ne5+ Kg7 35. Nc6+ Bf6 36. Qxf6+ Kxf6 37. Nxa5 a3 38. Rb1 a2 39. Ra1 Bd5 40. Rd1 Ke5 41. Kf1 h5 42. f4+ Ke6 43. Kg1 Kf6 44. Kf2 g5 45. fxg5+ Kxg5 46. e4 Bxe4 47. Nb3 h4 48. Kg1 Bc2 49. Ra1 Bxb3 50. Kh2 f4 51. Rg1+ Kh5 52. Rf1 Bc2 53. Re1 Be4 54. Ra1 Bb1 55. Kg2 Kg4 56. Kf2 h3 57. Kg1 Kg3 58. Rxa2 Bxa2 59. Kf1 h2 60. Ke2 h1=Q 61. Kd3 f3 62. Kd4 f2 63. Ke3 f1=Q 64. Kd4 Qd5+ 65. Ke3 Qdd3# 0-1

[Event "FIDE WCCC Open-08 2024"]
[Site "Montesilvano"]
[Date "2024.11.18"]
[Round "4.30"]
[White "Alloussi, Arian"]
[Black "Charyyev Charyhekim"]
[Result "1-0"]
[ECO "C00"]
[WhiteElo "1745"]
[BlackElo "1589"]
[Annotator "NA RC"]
[PlyCount "113"]
[EventDate "2024.11.18"]
[EventType "swiss"]
[EventCountry "ITA"]
[SourceTitle "playchess.com"]
[Source "ChessBase"]
[SourceQuality "1"]
[TimeControl "5400+30"]

1. e4 e6 2. d3 d5 3. Nd2 Nf6 4. Ngf3 b6 5. g3 dxe4 6. dxe4 Bc5 7. Bg2 Ba6 8. e5 Ng4 9. Ne4 Qxd1+ 10. Kxd1 Nxf2+ 11. Nxf2 Bxf2 12. Nd2 c6 13. Ne4 Bd4 14. Nd6+ Ke7 15. Re1 Bxe5 16. Nxf7 Kxf7 17. Rxe5 Nd7 18. Re3 Rac8 19. Ra3 Nb8 20. Bf4 Rhd8+ 21. Ke1 e5 22. Bxe5 Re8 23. Rf3+ Kg8 24. Re3 Nd7 25. Bf4 Nf6 26. Bf3 h6 27. h4 Bc4 28. Kf2 Rxe3 29. Bxe3 Rf8 30. Kg2 Bd5 31. Re1 Bxf3+ 32. Kxf3 Nd5+ 33. Kg2 Re8 34. Bd2 Rxe1 35. Bxe1 Ne3+ 36. Kf3 Nxc2 37. Bc3 c5 38. Ke2 Nb4 39. Bxb4 cxb4 40. Kd3 Kf7 41. g4 Ke6 42. Ke4 g6 43. b3 h5 44. g5 a6 45. Kd4 Kf5 46. Kd5 b5 47. Kd6 a5 48. Ke7 Kg4 49. Kf6 Kxh4 50. Kxg6 Kg4 51. Kf6 h4 52. g6 h3 53. g7 Kg3 54. g8=Q+ Kf2 55. Qd5 Kg1 56. Qg5+ Kf1 57. Qf4+ 1-0

[Event "FIDE WCCC Open-08 2024"]
[Site "Montesilvano"]
[Date "2024.11.18"]
[Round "4.31"]
[White "Lau, Great Boyou"]
[Black "Arsenijevic, Matija"]
[Result "1/2-1/2"]
[ECO "B10"]
[WhiteElo "1514"]
[BlackElo "1700"]
[Annotator "NA RC"]
[PlyCount "61"]
[EventDate "2024.11.18"]
[EventType "swiss"]
[EventCountry "ITA"]
[SourceTitle "playchess.com"]
[Source "ChessBase"]
[SourceQuality "1"]
[TimeControl "5400+30"]

1. e4 c6 2. Nf3 d5 3. exd5 cxd5 4. Ne5 Nf6 5. d4 Nc6 6. Bb5 Bd7 7. Nxd7 Qxd7 8. c3 e6 9. Nd2 Bd6 10. O-O a6 11. Bd3 O-O 12. Re1 b5 13. Nf3 Rfc8 14. Ne5 Qe7 15. f4 b4 16. g4 Nd7 17. Qf3 Ncxe5 18. fxe5 Bc7 19. g5 Ba5 20. cxb4 Qxb4 21. Be3 Qxe1+ 22. Rxe1 Bxe1 23. h4 g6 24. h5 Bb4 25. hxg6 fxg6 26. Qh3 Nf8 27. Qf1 a5 28. Qe2 Rab8 29. Bd2 Rc6 30. Kf1 Rcb6 31. b3 1/2-1/2

[Event "FIDE WCCC Open-08 2024"]
[Site "Montesilvano"]
[Date "2024.11.18"]
[Round "4.33"]
[White "Vrsalovic Acuna. Stjepan Anton"]
[Black "Ranganathan, Aadith"]
[Result "1/2-1/2"]
[ECO "C47"]
[WhiteElo "1452"]
[BlackElo "1645"]
[Annotator "NA RC"]
[PlyCount "58"]
[EventDate "2024.11.18"]
[EventType "swiss"]
[EventCountry "ITA"]
[SourceTitle "playchess.com"]
[Source "ChessBase"]
[SourceQuality "1"]
[TimeControl "5400+30"]

1. e4 e5 2. Nf3 Nc6 3. Nc3 Nf6 4. d4 exd4 5. Nxd4 Bc5 6. Be3 Bb6 7. Nf5 O-O 8. Bd3 d5 9. Bxb6 axb6 10. exd5 Nxd5 11. Nxd5 Qxd5 12. Ne3 Qe5 13. c3 Be6 14. a3 Rfd8 15. Qc2 h6 16. O-O Rd7 17. Bc4 Rad8 18. Bxe6 Qxe6 19. Rfd1 Rxd1+ 20. Rxd1 Rxd1+ 21. Qxd1 Qa2 22. Qc2 Qa1+ 23. Nd1 Ne5 24. h3 Nc4 25. Kh2 b5 26. Qb3 c6 27. Qc2 Qa2 28. Qd3 Qb3 29. Qd8+ Kh7 1/2-1/2

[Event "FIDE WCCC Open-08 2024"]
[Site "Montesilvano"]
[Date "2024.11.18"]
[Round "4.34"]
[White "Lee, David J"]
[Black "Dzelnik, Robert"]
[Result "0-1"]
[ECO "C29"]
[WhiteElo "1446"]
[BlackElo "1822"]
[Annotator "NA RC"]
[PlyCount "142"]
[EventDate "2024.11.18"]
[EventType "swiss"]
[EventCountry "ITA"]
[SourceTitle "playchess.com"]
[Source "ChessBase"]
[SourceQuality "1"]
[TimeControl "5400+30"]

1. e4 e5 2. Nc3 Nf6 3. f4 d5 4. fxe5 Nxe4 5. Qf3 Nxc3 6. dxc3 a6 7. Bf4 Nc6 8. O-O-O Be6 9. Bc4 g5 10. Bxd5 Bxd5 11. Rxd5 Qe7 12. Bg3 Bh6 13. Kb1 O-O 14. h4 Rad8 15. Rxd8 Rxd8 16. Ne2 gxh4 17. Qg4+ Qg5 18. Qxh4 Qxh4 19. Bxh4 Rd2 20. Nd4 Nxe5 21. Nf5 Bf8 22. Bg5 Rxg2 23. Nh6+ Bxh6 24. Bxh6 Ng4 25. Bc1 Kg7 26. Bf4 c6 27. a4 Nf2 28. Be5+ f6 29. Bxf6+ Kg6 30. Rh4 Rg1+ 31. Ka2 Kxf6 32. Rxh7 Rg7 33. Rxg7 Kxg7 34. Kb3 Nd1 35. c4 c5 36. Ka3 Ne3 37. Kb3 Kf6 38. a5 Ke5 39. c3 Ke4 40. Ka4 Nxc4 41. b4 cxb4 42. cxb4 Nd6 43. Kb3 Kd4 44. Ka3 Kc3 45. Ka4 Kc4 46. Ka3 Kb5 47. Kb3 Nc4 48. Kc3 Nxa5 49. bxa5 Kxa5 50. Kb3 b5 51. Ka3 b4+ 52. Kb3 Kb5 53. Kb2 Kc4 54. Kc2 b3+ 55. Kb2 Kb4 56. Kb1 Kc3 57. Kc1 b2+ 58. Kb1 a5 59. Ka2 Kc2 60. Ka3 b1=Q 61. Ka4 Qb2 62. Kxa5 Qb3 63. Ka6 Qb4 64. Ka7 Qb5 65. Ka8 Kc3 66. Ka7 Kc4 67. Ka8 Kc5 68. Ka7 Kc6 69. Ka8 Kc7 70. Ka7 Qb6+ 71. Ka8 Qb8# 0-1

[Event "FIDE WCCC Open-08 2024"]
[Site "Montesilvano"]
[Date "2024.11.18"]
[Round "4.35"]
[White "Kuncoro, Harvey"]
[Black "Le, Khai"]
[Result "0-1"]
[ECO "B20"]
[WhiteElo "1432"]
[BlackElo "1808"]
[Annotator "NA RC"]
[PlyCount "86"]
[EventDate "2024.11.18"]
[EventType "swiss"]
[EventCountry "ITA"]
[SourceTitle "playchess.com"]
[Source "ChessBase"]
[SourceQuality "1"]
[TimeControl "5400+30"]

1. e4 c5 2. a3 Nc6 3. b4 Nf6 4. b5 Nb8 5. Nc3 d6 6. f4 g6 7. Nf3 Bg4 8. Bb2 Bg7 9. d3 Nbd7 10. h3 Bxf3 11. Qxf3 Qa5 12. e5 dxe5 13. fxe5 Nxe5 14. Qe2 Nh5 15. Kf2 O-O 16. Nd5 f6 17. g4 Qxb5 18. Bc3 Qd7 19. gxh5 Qxd5 20. Bg2 Qd7 21. Rab1 Rab8 22. Rhe1 b6 23. hxg6 Nxg6 24. Qe4 Rfd8 25. Qc4+ Kh8 26. Qf7 Bh6 27. Rxe7 Qxe7 28. Bxf6+ Qxf6+ 29. Qxf6+ Bg7 30. Qg5 Bd4+ 31. Kf3 Rf8+ 32. Ke4 Rbe8+ 33. Kd5 Re5+ 34. Kc4 Rxg5 35. Be4 Rf2 36. c3 Rc2 37. Rb3 a6 38. a4 Ne7 39. Bb7 b5+ 40. axb5 axb5+ 41. Kxb5 Rxc3 42. Rb1 c4+ 43. Ka6 Ra3# 0-1

[Event "FIDE WCCC Open-08 2024"]
[Site "Montesilvano"]
[Date "2024.11.18"]
[Round "4.36"]
[White "Juzbasic, Marul"]
[Black "Solovev, Nikolai"]
[Result "1-0"]
[ECO "B27"]
[WhiteElo "1726"]
[BlackElo "1446"]
[Annotator "NA RC"]
[PlyCount "31"]
[EventDate "2024.11.18"]
[EventType "swiss"]
[EventCountry "ITA"]
[SourceTitle "playchess.com"]
[Source "ChessBase"]
[SourceQuality "1"]
[TimeControl "5400+30"]

1. e4 c5 2. Nf3 Nc6 3. Bc4 g6 4. O-O Bg7 5. c3 d6 6. d4 cxd4 7. Bb3 dxc3 8. Nxc3 Nf6 9. Re1 O-O 10. h3 Bd7 11. Bg5 Rc8 12. a3 a6 13. Qd2 Re8 14. Bh6 Bh8 15. Ng5 Qb6 16. Bxf7# 1-0

[Event "FIDE WCCC Open-08 2024"]
[Site "Montesilvano"]
[Date "2024.11.18"]
[Round "4.37"]
[White "Ok, Miro"]
[Black "Shroff, Dhairya Amit"]
[Result "0-1"]
[ECO "C01"]
[WhiteElo "1656"]
[BlackElo "1444"]
[Annotator "NA RC"]
[PlyCount "104"]
[EventDate "2024.11.18"]
[EventType "swiss"]
[EventCountry "ITA"]
[SourceTitle "playchess.com"]
[Source "ChessBase"]
[SourceQuality "1"]
[TimeControl "5400+30"]

1. e4 e6 2. d4 d5 3. exd5 exd5 4. Nf3 c6 5. Bd3 Bg4 6. O-O Bd6 7. c3 Ne7 8. Nbd2 Qc7 9. h3 Bh5 10. Qc2 Bg6 11. Re1 O-O 12. Ne5 Bxd3 13. Qxd3 f6 14. Nef3 Ng6 15. Nb3 Nd7 16. Qf5 Rae8 17. Bd2 Nb6 18. Rxe8 Rxe8 19. Re1 Rxe1+ 20. Bxe1 Qe7 21. Qb1 Qe6 22. Bd2 Nc4 23. Qe1 Qxe1+ 24. Nxe1 Nxb2 25. Na5 Nc4 26. Nxb7 Ba3 27. Nc2 Be7 28. Bc1 Kf7 29. Ne3 Nxe3 30. fxe3 Ke6 31. Na5 Kd7 32. Kf2 Kc7 33. Kf3 Kb6 34. Nb3 Nh4+ 35. Kg4 f5+ 36. Kg3 Kb5 37. Nc5 Bxc5 38. dxc5 Ng6 39. h4 h5 40. e4 dxe4 41. Be3 Kc4 42. Bd4 f4+ 43. Kf2 Nxh4 44. Bxg7 Kd3 45. Bh6 e3+ 46. Kf1 e2+ 47. Kf2 Kd2 48. Bxf4+ Kd1 49. Kg1 e1=Q+ 50. Kh2 Qf2 51. Kh3 Qxg2+ 52. Kxh4 Qg4# 0-1

[Event "FIDE WCCC Open-08 2024"]
[Site "Montesilvano"]
[Date "2024.11.18"]
[Round "4.40"]
[White "Wang, Yihan(Ah)"]
[Black "Smilga, Olivers"]
[Result "1-0"]
[ECO "B22"]
[WhiteElo "1630"]
[BlackElo "1439"]
[Annotator "NA RC"]
[PlyCount "89"]
[EventDate "2024.11.18"]
[EventType "swiss"]
[EventCountry "ITA"]
[SourceTitle "playchess.com"]
[Source "ChessBase"]
[SourceQuality "1"]
[TimeControl "5400+30"]

1. e4 c5 2. c3 Nf6 3. e5 Nd5 4. d4 cxd4 5. cxd4 e6 6. Nf3 b6 7. Bc4 Ba6 8. Bxa6 Nxa6 9. Bd2 Be7 10. Nc3 Nac7 11. O-O O-O 12. Qe2 d6 13. Rfe1 Nxc3 14. bxc3 d5 15. Qd3 b5 16. g3 a6 17. h4 h6 18. Kg2 Rc8 19. Rh1 Na8 20. Rh2 Nb6 21. Rah1 Nc4 22. Ng5 g6 23. Nxe6 fxe6 24. Qxg6+ Kh8 25. Qxh6+ Kg8 26. Qxe6+ Rf7 27. Bf4 Nxe5 28. Bxe5 Rxc3 29. Qg6+ Kf8 30. Qh6+ Ke8 31. Bf4 Rc2 32. Qh8+ Rf8 33. Qh5+ Rf7 34. Re1 Qa5 35. Qe5 Qd8 36. h5 Qa5 37. Qb8+ Kd7 38. Qb7+ Ke8 39. Qa8+ Kd7 40. Qxd5+ Ke8 41. Rf1 Qd8 42. Qe4 Qa5 43. Qxc2 Qd8 44. Qc6+ Kf8 45. Bh6+ 1-0

[Event "FIDE WCCC Open-08 2024"]
[Site "Montesilvano"]
[Date "2024.11.18"]
[Round "4.42"]
[White "Xin, Andrew M."]
[Black "Cronje, Frederick"]
[Result "1-0"]
[ECO "B07"]
[WhiteElo "1546"]
[BlackElo "1434"]
[Annotator "NA RC"]
[PlyCount "91"]
[EventDate "2024.11.18"]
[EventType "swiss"]
[EventCountry "ITA"]
[SourceTitle "playchess.com"]
[Source "ChessBase"]
[SourceQuality "1"]
[TimeControl "5400+30"]

1. d4 Nf6 2. Nf3 g6 3. Nbd2 Bg7 4. e4 d6 5. Bb5+ Bd7 6. Bd3 O-O 7. b3 Nc6 8. Bb2 Bg4 9. O-O d5 10. Re1 dxe4 11. Nxe4 Bxf3 12. Qxf3 Nxd4 13. Bxd4 Qxd4 14. Rad1 Nxe4 15. Bxe4 Qf6 16. Bxb7 Qxf3 17. Bxf3 Rad8 18. Rxe7 Rxd1+ 19. Bxd1 Rd8 20. Bf3 Kf8 21. Rxc7 Re8 22. g3 Bd4 23. Kf1 Re5 24. Rc4 Bb6 25. Rf4 Re7 26. Re4 Rd7 27. Ke2 Ba5 28. b4 Bb6 29. c4 a5 30. c5 Bc7 31. b5 Rd5 32. Re8+ Kxe8 33. Bxd5 Ke7 34. Kd3 f6 35. Kc4 h6 36. b6 Kd7 37. bxc7 Kxc7 38. Kb5 Kb8 39. Kc6 Kc8 40. Be6+ Kb8 41. Kd7 Kb7 42. c6+ Kb6 43. c7 Ka7 44. c8=Q f5 45. Kc6 f4 46. Qb7# 1-0

[Event "FIDE WCCC Open-08 2024"]
[Site "Montesilvano"]
[Date "2024.11.18"]
[Round "4.43"]
[White "Agar, Garig"]
[Black "Kakagiannis, Stylianos"]
[Result "1-0"]
[ECO "D63"]
[WhiteElo "1534"]
[BlackElo "1423"]
[Annotator "NA RC"]
[PlyCount "73"]
[EventDate "2024.11.18"]
[EventType "swiss"]
[EventCountry "ITA"]
[SourceTitle "playchess.com"]
[Source "ChessBase"]
[SourceQuality "1"]
[TimeControl "5400+30"]

1. d4 d5 2. c4 e6 3. Nc3 Nf6 4. Bg5 Be7 5. e3 Nbd7 6. Nf3 b6 7. Rc1 Bb7 8. cxd5 exd5 9. Be2 O-O 10. O-O Re8 11. Nb5 c6 12. Nc3 Bd6 13. Bd3 Qb8 14. h3 h6 15. Bxf6 Nxf6 16. Qc2 c5 17. Nb5 cxd4 18. Nxd6 Qxd6 19. Nxd4 a6 20. Qc7 Qxc7 21. Rxc7 Rab8 22. Nf5 Re6 23. Rfc1 Kf8 24. Kf1 Ne8 25. R7c2 Nd6 26. Nd4 Ree8 27. Bf5 Bc8 28. Bd3 Bb7 29. Rc7 Rec8 30. Bf5 Nxf5 31. Nxf5 Rd8 32. Nd4 Rdc8 33. Ke2 g6 34. Rxb7 Rxb7 35. Rxc8+ Ke7 36. Ra8 Kf6 37. Rxa6 1-0

[Event "FIDE WCCC Open-08 2024"]
[Site "Montesilvano"]
[Date "2024.11.18"]
[Round "4.44"]
[White "Thomas, Robert K"]
[Black "Zhanabayev, Arystan"]
[Result "0-1"]
[ECO "B77"]
[WhiteElo "2166"]
[BlackElo "1524"]
[Annotator "RC"]
[PlyCount "82"]
[EventDate "2024.11.18"]
[EventType "swiss"]
[EventCountry "ITA"]
[SourceTitle "playchess.com"]
[Source "ChessBase"]
[SourceQuality "1"]
[TimeControl "5400+30"]

1. e4 c5 2. Nf3 Nc6 3. d4 cxd4 4. Nxd4 g6 5. Nc3 Bg7 6. Be3 Nf6 7. Bc4 O-O 8. Bb3 d6 9. f3 Bd7 10. Qd2 Nxd4 11. Bxd4 Ne8 12. O-O-O a5 13. a3 b5 14. Ne2 a4 15. Ba2 Qa5 16. Qxa5 Rxa5 17. g4 Bh6+ 18. f4 Bxg4 19. Rd2 Bxe2 20. Rxe2 Bxf4+ 21. Be3 Bxe3+ 22. Rxe3 Nf6 23. Rhe1 Ng4 24. Rg3 Ne5 25. Rc3 Ra6 26. Rc7 Rc6 27. Rxc6 Nxc6 28. Re3 Rc8 29. Kd2 Kg7 30. c4 b4 31. axb4 Nxb4 32. Ra3 Nxa2 33. Rxa4 Kf6 34. b3 Rb8 35. Rxa2 Rxb3 36. Ra1 Rb2+ 37. Ke3 Rxh2 38. Rf1+ Ke6 39. Rg1 Rh3+ 40. Kd4 Kd7 41. Rf1 e5+ 0-1

[Event "FIDE WCCC Open-08 2024"]
[Site "Montesilvano"]
[Date "2024.11.18"]
[Round "4.47"]
[White "Ramirez Mejia, Jose Gregorio"]
[Black "Ameen Akbar T A"]
[Result "0-1"]
[ECO "B33"]
[WhiteElo "1489"]
[BlackElo "1579"]
[Annotator "NA RC"]
[PlyCount "66"]
[EventDate "2024.11.18"]
[EventType "swiss"]
[EventCountry "ITA"]
[SourceTitle "playchess.com"]
[Source "ChessBase"]
[SourceQuality "1"]
[TimeControl "5400+30"]

1. e4 c5 2. Nf3 e6 3. d4 cxd4 4. Nxd4 Nf6 5. Nc3 Nc6 6. Ndb5 d6 7. Bf4 e5 8. Bg5 a6 9. Na3 b5 10. Nd5 Bb7 11. Bxf6 gxf6 12. Be2 Bg7 13. O-O O-O 14. Qd2 Ne7 15. f3 Bxd5 16. exd5 Ng6 17. Bd3 Re8 18. Be4 Qd7 19. Bxg6 fxg6 20. f4 f5 21. fxe5 Bxe5 22. Rf3 Qa7+ 23. Kh1 Bxb2 24. Rb1 Bg7 25. c4 bxc4 26. Nxc4 Be5 27. Rb6 Rab8 28. Rxb8 Rxb8 29. Rb3 Re8 30. Na5 Bf4 31. Qd1 Qf2 32. Qg1 Re1 33. Rb1 Qxg1# 0-1

[Event "FIDE WCCC Open-08 2024"]
[Site "Montesilvano"]
[Date "2024.11.18"]
[Round "4.53"]
[White "Katsarski, Yan"]
[Black "Chanishvili, Noa"]
[Result "0-1"]
[ECO "B12"]
[WhiteElo "1418"]
[BlackElo "1553"]
[Annotator "NA RC"]
[PlyCount "87"]
[EventDate "2024.11.18"]
[EventType "swiss"]
[EventCountry "ITA"]
[SourceTitle "playchess.com"]
[Source "ChessBase"]
[SourceQuality "1"]
[TimeControl "5400+30"]

1. e4 c6 2. d4 d5 3. e5 Bf5 4. h4 h6 5. g4 Be4 6. f3 Bh7 7. e6 Qd6 8. exf7+ Kxf7 9. Be3 Qe6 10. Nc3 Qxe3+ 11. Be2 Nf6 12. h5 Qf4 13. Nh3 Qg3+ 14. Nf2 e6 15. Qd2 Bb4 16. Rf1 Bxc3 17. Qxc3 Qd6 18. O-O-O Nbd7 19. Rfe1 Rac8 20. Bf1 c5 21. Bd3 cxd4 22. Qxd4 Qc5 23. Bg6+ Bxg6 24. hxg6+ Ke7 25. Qd3 Qxf2 26. Re2 Qc5 27. Rde1 Nf8 28. Qf5 d4 29. Re5 Qc6 30. Kb1 Qd6 31. a3 Rc6 32. Qd3 Kd7 33. R5e2 Kc7 34. Ka1 Qc5 35. Kb1 Qc4 36. Qd2 Nxg6 37. b3 Qc3 38. Qxc3 dxc3 39. Ka2 Nf4 40. Re5 Rd6 41. Rc5+ Kd7 42. Rxc3 Rc6 43. Rd1+ N6d5 44. Re3 0-1

[Event "FIDE WCCC Open-08 2024"]
[Site "Montesilvano"]
[Date "2024.11.18"]
[Round "4.54"]
[White "Contreras Salcedo, Samuel Esteban"]
[Black "Glod, Peter"]
[Result "1/2-1/2"]
[ECO "C57"]
[WhiteElo "1508"]
[BlackElo "1409"]
[Annotator "NA RC"]
[PlyCount "74"]
[EventDate "2024.11.18"]
[EventType "swiss"]
[EventCountry "ITA"]
[SourceTitle "playchess.com"]
[Source "ChessBase"]
[SourceQuality "1"]
[TimeControl "5400+30"]

1. e4 e5 2. Nf3 Nc6 3. Bc4 Nf6 4. Ng5 d5 5. exd5 b5 6. Bxb5 Qxd5 7. Bxc6+ Qxc6 8. Qf3 Qxf3 9. Nxf3 Nd7 10. Nc3 Bc5 11. Nd5 Kd8 12. Ng5 c6 13. Nxf7+ Ke8 14. Nc7+ Kxf7 15. Nxa8 Bd6 16. g3 Bb7 17. f4 exf4 18. gxf4 Re8+ 19. Kf2 Bxf4 20. Re1 Rxe1 21. Kxe1 Bxh2 22. b3 Bxa8 23. Bb2 Ne5 24. Kf2 c5 25. Ke3 Ng4+ 26. Kd3 Bg3 27. Rg1 Ne5+ 28. Ke3 Bh2 29. Rf1+ Kg8 30. Ba3 Ng4+ 31. Ke2 Bd6 32. Bb2 Ne5 33. Re1 Nc6 34. Kd1 Kf7 35. Rf1+ Kg8 36. Re1 Kf7 37. Rf1+ Kg8 1/2-1/2

[Event "FIDE WCCC Open-08 2024"]
[Site "Montesilvano"]
[Date "2024.11.18"]
[Round "4.55"]
[White "Huang, Joshua Kai-En"]
[Black "Hakobyan, Sos"]
[Result "1-0"]
[ECO "B80"]
[WhiteElo "1424"]
[BlackElo "1806"]
[Annotator "NA RC"]
[PlyCount "47"]
[EventDate "2024.11.18"]
[EventType "swiss"]
[EventCountry "ITA"]
[SourceTitle "playchess.com"]
[Source "ChessBase"]
[SourceQuality "1"]
[TimeControl "5400+30"]

1. e4 c5 2. Nf3 d6 3. d4 cxd4 4. Nxd4 Nf6 5. Nc3 a6 6. f3 e6 7. Be3 Be7 8. Qd2 O-O 9. O-O-O Qc7 10. g4 Nc6 11. Nxc6 Qxc6 12. h4 Rd8 13. g5 Ne8 14. h5 Nc7 15. g6 Rf8 16. gxh7+ Kh8 17. Bd3 e5 18. Qg2 Be6 19. Rdg1 Ne8 20. Bh6 Bf6 21. Bg5 Bxg5+ 22. Qxg5 b5 23. Qe7 Nf6 24. h6 1-0

[Event "FIDE WCCC Open-08 2024"]
[Site "Montesilvano"]
[Date "2024.11.20"]
[Round "6.1"]
[White "Demchenko, Timofei"]
[Black "Sattwik Swain"]
[Result "1/2-1/2"]
[ECO "C45"]
[WhiteElo "1969"]
[BlackElo "1787"]
[Annotator "NA RC"]
[PlyCount "84"]
[EventDate "2024.11.18"]
[EventType "swiss"]
[EventCountry "ITA"]
[SourceTitle "playchess.com"]
[Source "ChessBase"]
[SourceQuality "1"]
[TimeControl "5400+30"]

1. e4 e5 2. Nf3 Nc6 3. d4 exd4 4. Nxd4 Bc5 5. Be3 Qf6 6. c3 Nge7 7. Bc4 Ne5 8. Bb3 Qg6 9. O-O d5 10. Kh1 O-O 11. exd5 Ng4 12. Bf4 Qb6 13. Nd2 Bxd4 14. Nc4 Qf6 15. Qxd4 Qxd4 16. cxd4 Nxd5 17. Bg3 Be6 18. h3 Ngf6 19. Rae1 Rad8 20. Ne5 Rfe8 21. f4 Nb4 22. Ba4 c6 23. a3 Na6 24. f5 Bd5 25. Bh4 Rd6 26. Ng4 Kf8 27. Rxe8+ Kxe8 28. Re1+ Kf8 29. Bc2 Nc7 30. Bg5 Nce8 31. Bd2 Nxg4 32. hxg4 Rd7 33. g5 f6 34. Bb4+ Nd6 35. g6 h6 36. a4 b6 37. Be4 Bxe4 38. Rxe4 c5 39. dxc5 Nxe4 40. c6+ Nc5 41. cxd7 Ke7 42. Bd2 Nxd7 1/2-1/2

[Event "FIDE WCCC Open-08 2024"]
[Site "Montesilvano"]
[Date "2024.11.20"]
[Round "6.2"]
[White "Li, Aiden Linyuan"]
[Black "Xu, Zhihan (Samuel)"]
[Result "1-0"]
[ECO "B13"]
[WhiteElo "1877"]
[BlackElo "1881"]
[Annotator "NA RC"]
[PlyCount "111"]
[EventDate "2024.11.18"]
[EventType "swiss"]
[EventCountry "ITA"]
[SourceTitle "playchess.com"]
[Source "ChessBase"]
[SourceQuality "1"]
[TimeControl "5400+30"]

1. c4 c6 2. e4 d5 3. exd5 cxd5 4. d4 Nf6 5. Nc3 Nc6 6. Bf4 e6 7. c5 Be7 8. Bb5 Bd7 9. Nf3 O-O 10. Bxc6 Bxc6 11. b4 Ne4 12. Qc2 Nxc3 13. Qxc3 a5 14. a3 Bb5 15. Qb2 axb4 16. axb4 Rxa1+ 17. Qxa1 Qa8 18. Kd2 b6 19. Qxa8 Rxa8 20. cxb6 Bxb4+ 21. Kc2 Ba4+ 22. Kb2 Bc6 23. Ne5 Bb7 24. Nd3 Ba3+ 25. Kb3 Be7 26. Nc5 Bxc5 27. dxc5 Ra5 28. Rc1 Rb5+ 29. Ka3 Bc6 30. Bd2 Kf8 31. Ra1 d4 32. Bb4 e5 33. f4 e4 34. Rd1 d3 35. Kb3 Ke7 36. Kc4 Ke6 37. Bc3 Kf5 38. Bxg7 Kxf4 39. Bd4 Ra5 40. Rf1+ Kg4 41. Be3 Ra4+ 42. Kb3 Ra5 43. Rxf7 Bd5+ 44. Kb4 Ra2 45. Rf4+ Kg5 46. Rf2+ Kg4 47. Rxa2 Bxa2 48. b7 d2 49. b8=Q Kf5 50. g4+ Ke6 51. Qd6+ Kf7 52. Qd7+ Kf6 53. Bg5+ Kg6 54. Qf5+ Kg7 55. Bh6+ Kxh6 56. Qf6# 1-0